 Dungeon Crawl Stone Soup version 0.26.1-11-gd32895ea62 (webtiles) character file.

Game seed: 1907684962560033398

3305 bnorton916 the Protected (level 10, -1/83 HPs)
             Began as a Formicid Fighter on June 11, 2021.
             Was an Initiate of Gozag.
             Slain by a death yak (21 damage)
             ... on level 8 of the Dungeon.
             The game lasted 00:13:17 (9462 turns).

bnorton916 the Protected (Formicid Fighter)         Turns: 9462, Time: 00:13:18

Health: -1/83      AC: 13    Str: 23    XL:     10   Next: 21%
Magic:  10/10      EV: 10    Int:  8    God:    Gozag
Gold:   455        SH:  5    Dex: 11    Spells: 9/9 levels left

rFire    . . .     SeeInvis +   p - +2 whip (venom)
rCold    + . .     Faith    .   y - +0 buckler
rNeg     + . .     Spirit   .   b - +0 scale mail
rPois    .         Reflect  .   (helmet unavailable)
rElec    .         Harm     .   F - +0 cloak
rCorr    .         Rampage  .   G - +1 pair of gloves
Will     +....                  e - +0 pair of boots
Stlth    ..........             (no amulet)
HPRegen  0.23/turn              m - ring of protection from cold
MPRegen  0.12/turn              q - ring of positive energy

@: no status effects
A: permanent stasis, dig shafts and tunnels, four strong arms, antennae 3
a: Dig, Shaft Self, Renounce Religion, Potion Petition, Call Merchant, Bribe
Branch


You were on level 8 of the Dungeon.
You worshipped Gozag.
Gozag was aware of your devotion.
You visited 2 branches of the dungeon, and saw 9 of its levels.

You collected 580 gold pieces.
You paid 125 gold pieces to Gozag.

Inventory:

Hand Weapons
 a - a +0 war axe
 p - a +2 whip of venom (weapon)
 t - the +1 scimitar "Raot" {vamp, rPois rC+}
   (You found it on level 4 of the Dungeon)

   It inflicts no extra harm, but heals its wielder when it wounds a living foe.
   It protects you from cold.
   It protects you from poison.
 w - a +3 dagger of electrocution
 B - a +4 battleaxe
Armour
 b - a +0 scale mail (worn)
 c - a +0 kite shield
 e - a +0 pair of boots (worn)
 r - a +2 chain mail of poison resistance
 y - a +0 buckler (worn)
 F - a +0 cloak (worn)
 G - a +1 pair of gloves (worn)
Magical Staves
 v - an uncursed staff of earth {unknown}
Jewellery
 m - a ring of protection from cold (left hand)
 q - a ring of positive energy (right hand)
Wands
 n - a wand of flame (9)
 E - a wand of random effects (21)
Scrolls
 f - 2 scrolls of enchant weapon
 g - 4 scrolls of identify
 i - 4 scrolls of enchant armour
 j - a scroll of magic mapping
 k - 2 scrolls of remove curse
 s - 2 scrolls of fear {unknown}
 u - 2 scrolls of fog {unknown}
 z - a scroll of amnesia {unknown}
 A - a scroll of blinking {unknown}
Potions
 d - 2 potions of might
 h - 2 potions of mutation
 l - 3 potions of curing
 o - a potion of cancellation
 x - a potion of flight
 C - a potion of invisibility
 D - a potion of ambrosia


   Skills:
 + Level 9.1 Fighting
 + Level 8.0 Axes
 + Level 9.1 Armour
 - Level 5.5 Shields


You had 9 spell levels left.
You didn't know any spells.
Your spell library was empty.

Dungeon Overview and Level Annotations

Branches:
Dungeon (8/15)             Temple (1/1) D:7
   Lair: D:8-11

Altars:
Ashenzari
Cheibriados
Dithmenos
Elyvilon
Fedhas
Gozag
Hepliaklqana
Kikubaaqudgha
Makhleb
Nemelex Xobeh
Okawaru
Qazlal
Ru
Sif Muna
Trog
Uskayaw
Vehumet
Wu Jian
Xom
Yredelemnul
Zin
The Shining One


Innate Abilities, Weirdness & Mutations

You cannot be hasted, slowed, berserked, paralysed or teleported.
You can dig through walls and to a lower floor.
Your four strong arms can wield two-handed weapons with a shield.
You have a pair of large antennae on your head. (SInv)


Message History

You extend your mandibles.
You dig through the rock wall.
You dig through the rock wall.
You dig through the rock wall.
You dig through the rock wall.
You dig through the rock wall.
You dig through the rock wall.
The death yak gores you!
You dig through the rock wall.
You dig through the rock wall.
You dig through the rock wall.
You retract your mandibles.
You hit the death yak but do no damage.
The death yak looks as sick as possible!
The death yak is moderately wounded.
The death yak gores you!
* * * LOW HITPOINT WARNING * * *
You barely miss the death yak.
The death yak is moderately wounded.
The death yak gores you!!
You die...
Your body crumbles into a pile of gold.

###########
##Y#.#.#.#.##
#@#.#.#.#.#.#
##########.##
#############.# ##
####...........{.# #..
#.......########{###.##
#.##.##.# #........(.
#.##.##.####...#.###.#.
## #................#
#.. .##
#..#.##.####...#.. ..


You could see a death yak (extremely poisoned).

Vanquished Creatures
  An unseen horror (D:7)
  Pikel (D:5)
  Maurice (D:8)
  Duvessa (D:7)
  A black bear (D:8)
  A necrophage (D:8)
  An ogre (D:6)
  An eye of draining (D:7)
  A phantom (D:8)
  A centaur (D:8)
  A lemure (D:5)
  A bullfrog (D:8)
  Dowan (D:7)
  A scorpion (D:7)
  4 killer bees (D:7)
  3 wights (D:6)
  A howler monkey (D:7)
  4 hounds
  2 bullfrog zombies
  2 jellies (D:8)
  A centaur skeleton (D:5)
  An orc priest (D:7)
  3 iguanas
  4 worker ants
  Natasha (thrice) (D:2)
  4 orc wizards
  A hell rat (D:8)
  A worker ant zombie (D:7)
  8 adders
  A river rat (D:8)
  A shadow imp (D:6)
  A white imp (D:4)
  3 ufetubi
  An adder zombie (D:7)
  A worm (D:4)
  5 dart slugs
  3 leopard geckos
  18 orcs
  2 ball pythons
  5 bats
  10 giant cockroaches
  3 goblins (D:1)
  13 hobgoblins
  3 jackals (D:2)
  8 kobolds
  3 quokkas
  12 frilled lizards
  6 rats
155 creatures vanquished.

Vanquished Creatures (others)
  7 plants (D:7)
7 creatures vanquished.

Grand Total: 162 creatures vanquished

Notes
Turn   | Place    | Note
-------+----------+-------------------------------------------
     0 | D:1      | bnorton916 the Formicid Fighter began the quest for the
                  | Orb.
     0 | D:1      | Reached XP level 1. HP: 18/18 MP: 1/1
    68 | D:1      | Reached XP level 2. HP: 20/24 MP: 2/2
   345 | D:1      | Reached XP level 3. HP: 12/29 MP: 3/3
  1267 | D:2      | Noticed Natasha
  1283 | D:2      | Killed Natasha
  1284 | D:2      | Reached XP level 4. HP: 30/37 MP: 4/4
  1494 | D:2      | Noticed Natasha
  1500 | D:2      | Killed Natasha
  1501 | D:2      | Reached XP level 5. HP: 39/42 MP: 5/5
  1687 | D:2      | Noticed Natasha
  1701 | D:2      | HP: 2/42 [Natasha/magic dart (2)]
  1702 | D:2      | Killed Natasha
  2707 | D:3      | Reached XP level 6. HP: 27/49 MP: 6/6
  2912 | D:3      | Reached skill level 5 in Shields
  3357 | D:3      | You fall into a shaft and drop 1 floor!
  3601 | D:4      | Got a fine scimitar
  3822 | D:4      | Reached XP level 7. HP: 51/55 MP: 7/7
  3900 | D:4      | Found an iron altar of Okawaru.
  4693 | D:5      | Entered Level 5 of the Dungeon
  4729 | D:5      | Reached skill level 5 in Fighting
  4729 | D:5      | Reached skill level 5 in Armour
  5179 | D:5      | Noticed Pikel
  5192 | D:5      | Killed Pikel
  5193 | D:5      | Reached skill level 5 in Axes
  5193 | D:5      | Reached XP level 8. HP: 55/64 MP: 8/8
  5298 | D:5      | Found a blossoming altar of Fedhas.
  6699 | D:7      | Identified the cursed +1 scimitar "Raot" {vamp, rPois rC+}
                  | (You found it on level 4 of the Dungeon)
  6747 | D:7      | Noticed Duvessa
  6747 | D:7      | Noticed Dowan
  6747 | D:7      | Noticed an unseen horror
  6785 | D:7      | Killed Duvessa
  6786 | D:7      | Reached XP level 9. HP: 60/72 MP: 3/9
  7005 | D:7      | Killed an unseen horror
  7111 | D:7      | Killed Dowan
  8139 | D:7      | Found a staircase to the Ecumenical Temple.
  8201 | Temple   | Entered the Ecumenical Temple
  8387 | Temple   | Became a worshipper of Gozag Ym Sagoz the Greedy
  8492 | D:8      | Noticed a two-headed ogre
  8956 | D:8      | Noticed Maurice
  8974 | D:8      | Killed Maurice
  8975 | D:8      | Reached XP level 10. HP: 63/82 MP: 10/10
  9438 | D:8      | Noticed a death yak
  9462 | D:8      | Slain by a death yak

Illustrated notes

Levels and vault maps discovered:
D:1:      minmay_arrival_widening_spiral_wide, layout_basic
D:2:      layout_loops_ring, serial_glass, glass_columns_b, glass_columns_a,
          hex_medium, chequers_serial_rivers_micro_c, uniq_natasha
D:3:      layout_loops_ring
D:4:      layout_layer_cave, general_overflow_altar
D:5:      layout_loops_corners, nicolae_overflow_hidden_temple, uniq_pikel
D:6:      layout_rooms
D:7:      layout_basic, minmay_temple_entry_gardened_gates, uniq_duvessa
D:8:      layout_loops_ring, dpeg_lair_monsters, uniq_maurice
Temple:   regret_index_temple_chain_breaker

Skill      XL: |  1  2  3  4  5  6  7  8  9 10 |
---------------+-------------------------------+-----
Shields        | 4 5 |  5.5
Fighting       | 4 6 7 8 9 |  9.1
Armour         | 4 6 7 8 9 |  9.1
Axes           | 3 5 7 8 |  8.0

Action                   |  1- 3 |  4- 6 |  7- 9 | 10-12 || total
-------------------------+-------+-------+-------+-------++-------
Melee: War axe           |   103 |    77 |       |       ||   180
       Whip              |       |    91 |   166 |    43 ||   300
       Dagger            |       |       |    31 |    11 ||    42
       Scimitar          |       |       |    15 |       ||    15
       Battleaxe         |       |       |    40 |       ||    40
 Abil: Dig               |    11 |     7 |     7 |     2 ||    27
  Use: Scroll            |       |       |    11 |       ||    11
       Potion            |       |       |     2 |       ||     2
Armor: Scale mail        |    33 |    77 |   112 |    18 ||   240
Dodge: Dodged            |    34 |    50 |   118 |    22 ||   224
Block: Kite shield       |    52 |    95 |    14 |       ||   161
       Buckler           |       |       |    53 |     9 ||    62
       Rpst.: Scimitar   |       |       |     7 |       ||     7
